 Dungeon Crawl Stone Soup version 0.30.1-3-gfc49f6343a (webtiles) character file.

Game seed: 12081522777191640825

135 growler the Magician (level 5, -2/37 HPs)
             Began as a Gnoll Hedge Wizard on Aug 2, 2023.
             Slain by an orc wizard
             ... wielding a +0 dagger
              (4 damage)
             ... on level 3 of the Dungeon.
             The game lasted 00:08:39 (2896 turns).

growler the Magician (Gnoll Hedge Wizard)           Turns: 2896, Time: 00:08:40

Health: -2/37      AC:  3    Str:  6 (9)  XL:     5   Next: 18%
Magic:  3/14       EV: 13    Int: 15 (16) God:
Gold:   85         SH:  0    Dex:  9 (11) Spells: 10/18 levels left

rFire   . . .        a - +1 dagger
rCold   . . .        (no shield)
rNeg    . . .        b - +0 robe
rPois   .            c - +1 hat
rElec   .            (no cloak)
rCorr   .            (no gloves)
SInv    .            (no boots)
Will    .....        (no amulet)
Stlth   ++           (no ring)
HPRegen 0.26/turn    (no ring)
MPRegen 0.14/turn

%: no passive effects
@: weak-willed, attractive
A: fangs 1, strong nose, distributed training
a: no special abilities


You were on level 3 of the Dungeon.
You visited 1 branch of the dungeon, and saw 3 of its levels.

You collected 85 gold pieces.

Inventory:

Hand Weapons
 a - a +1 dagger (weapon)
Armour
 b - a +0 robe (worn)
 c - a +1 hat (worn)
 e - a +0 pair of boots
Jewellery
 g - a ring of flight
 r - a ring of ice
Scrolls
 f - a scroll of blinking {unknown}
 o - a scroll of identify
Potions
 d - 2 potions of magic
 h - a potion of cancellation
 k - a potion of lignification {unknown}


   Skills:
 + Level 1.4 Fighting
 + Level 1.4 Short Blades
 + Level 1.4 Long Blades
 + Level 1.4 Axes
 + Level 1.4 Maces & Flails
 + Level 1.4 Polearms
 + Level 1.4 Staves
 + Level 1.4 Ranged Weapons
 + Level 1.4 Throwing
 + Level 1.4 Armour
 + Level 4.8 Dodging
 + Level 4.4 Stealth
 + Level 1.4 Shields
 + Level 1.4 Unarmed Combat
 + Level 7.3 Spellcasting
 + Level 2.4 Conjurations
 + Level 1.1 Hexes
 + Level 2.4 Summonings
 + Level 1.1 Necromancy
 + Level 2.4 Translocations
 + Level 1.1 Transmutations
 + Level 1.1 Fire Magic
 + Level 1.1 Ice Magic
 + Level 1.1 Air Magic
 + Level 1.1 Earth Magic
 + Level 1.1 Poison Magic
 + Level 1.6 Invocations
 + Level 1.4 Evocations


You had 10 spell levels left.
You knew the following spells:

 Your Spells              Type           Power      Damage    Failure   Level
a - Magic Dart            Conj           48%        1d5       4%          1
b - Call Imp              Summ           24%        N/A       8%          2
c - Blink                 Tloc           24%        N/A       8%          2
d - Mephitic Cloud        Conj/Pois/Air  10%        N/A       21%         3

Your spell library contained the following spells:

 Spells                   Type           Power      Damage    Failure   Level
 Slow                     Hex            36%        N/A       8%          1
 Static Discharge         Conj/Air       20%        2-3/arc   10%         2
 Cigotuvi's Dreadful Rot  Necr/Pois/Air  18%        N/A       12%         2
 Portal Projectile        Hex/Tloc       20%        N/A       19%         3
 Tukima's Dance           Hex            9%         N/A       24%         3
 Summon Lightning Spire   Summ/Air       10%        N/A       52%         4
 Airstrike                Air            4%         2d(1-17)  61%         4
 Blade Hands              Tmut           4%         N/A       91%         5


Dungeon Overview and Level Annotations

Branches:
Dungeon (3/15)

Altars:

Shops:
D:1 [


Innate Abilities, Weirdness & Mutations

You have very sharp teeth.
Your uncanny sense of smell can sniff out nearby items.
Your experience applies equally to all skills.


Message History

The orc wizard attacks as you move away!
The orc wizard hits you with a +0 dagger.
* * * LOW HITPOINT WARNING * * *
The orc wizard points at you and mumbles some strange words.
You resist with some effort.
You barely miss the orc.
The orc is lightly wounded.
The orc wizard mumbles some strange words.
The orc wizard flickers and vanishes!
Deactivating autopickup; reactivate with Ctrl-A.
The orc closely misses you.
The hobgoblin hits something but does no damage.
You aren't carrying any items that you can evoke.
As you read the scroll labelled SUANODORRI, it crumbles to dust.
It is a scroll of identify.
h - a potion of cancellation The hobgoblin barely misses something.
The orc hits you with a +0 flail.
* * * LOW HITPOINT WARNING * * *
The air fills with toxic fumes!
As you read the scroll labelled ZAMEMEARPHU, it crumbles to dust.
It was a scroll of poison.
The hobgoblin hits something.
The orc closely misses you.
As you read the scroll labelled YKLUIVVEWAE, it crumbles to dust.
You feel a surge of unholy energy.
The orc convulses!
Something is bathed in an unholy light!
The orc convulses!
The hobgoblin convulses!
The orc convulses!
It was a scroll of torment.
The hobgoblin hits something.
As you read the scroll labelled RUT YHEONI, it crumbles to dust.
Magic quickly surges around you.
It was a scroll of vulnerability.
The hobgoblin misses something.
As you read the scroll labelled CIOTAU GUKHUT, it crumbles to dust.
It is a scroll of enchant weapon.
Your +0 dagger glows red for a moment.
Something hits you.
* * * LOW HITPOINT WARNING * * *
The hobgoblin hits something.
As you read the scroll labelled SUHAITHEWON, it crumbles to dust.
It is a scroll of enchant armour.
Your +0 hat glows green for a moment.
The hobgoblin hits something.
Something hits you.
You die...

#..##. #...........##
...§§§ #####..........#.
....§§####................
#.#..§§....####.........)#
#...†(go# #.######...#
#g### #.#####....# #5oo#
#†##......## ###{#
#.#..###...# ##@##
#...####.#.# #§§§#
##)....##.#.# #§§§#
#..###..#.#.# #§§§###.##
.#<#.# #§§§§.#.# #.#.#
#§§§#§#.## ..#.#
#§§§#§...# .... ######§..#
###.. ∆ #....... ∆....


You could see 3 orcs, a hobgoblin (weak-willed) and a goblin (weak-willed).

Vanquished Creatures
  7 adders
  A worm (D:2)
  2 dart slugs (D:1)
  2 orcs (D:3)
  3 endoplasms
  4 goblins
  3 hobgoblins
  7 jackals
  5 kobolds
  3 quokkas
  5 ball pythons
  5 bats
  4 frilled lizards
  6 rats
57 creatures vanquished.

Vanquished Creatures (collateral kills)
  A worm (D:2)
  A hobgoblin (D:2)
  A jackal (D:2)
  A rat (D:2)
4 creatures vanquished.

Grand Total: 61 creatures vanquished

Notes
Turn   | Place    | Note
-------+----------+-------------------------------------------
     0 | D:1      | growler the Gnoll Hedge Wizard began the quest for the Orb.
     0 | D:1      | Reached XP level 1. HP: 13/13 MP: 8/8
   336 | D:1      | Reached XP level 2. HP: 14/19 MP: 10/10
   387 | D:1      | Found Meor's Antique Armour Boutique.
   590 | D:1      | Learned a level 2 spell: Call Imp
   593 | D:1      | Learned a level 2 spell: Blink
   952 | D:1      | Reached XP level 3. HP: 25/25 MP: 8/11
  1252 | D:1      | Learned a level 3 spell: Mephitic Cloud
  1373 | D:2      | Reached skill level 1 in Invocations
  1465 | D:2      | Reached skill level 1 in Fighting
  1465 | D:2      | Reached skill level 1 in Short Blades
  1465 | D:2      | Reached skill level 1 in Long Blades
  1465 | D:2      | Reached skill level 1 in Axes
  1465 | D:2      | Reached skill level 1 in Maces & Flails
  1465 | D:2      | Reached skill level 1 in Polearms
  1465 | D:2      | Reached skill level 1 in Staves
  1465 | D:2      | Reached skill level 1 in Ranged Weapons
  1465 | D:2      | Reached skill level 1 in Throwing
  1465 | D:2      | Reached skill level 1 in Armour
  1465 | D:2      | Reached skill level 1 in Shields
  1465 | D:2      | Reached skill level 1 in Unarmed Combat
  1465 | D:2      | Reached skill level 1 in Evocations
  1479 | D:2      | Reached XP level 4. HP: 30/32 MP: 1/13
  1877 | D:2      | Reached skill level 1 in Hexes
  1877 | D:2      | Reached skill level 1 in Necromancy
  1877 | D:2      | Reached skill level 1 in Transmutations
  1877 | D:2      | Reached skill level 1 in Fire Magic
  1877 | D:2      | Reached skill level 1 in Ice Magic
  1877 | D:2      | Reached skill level 1 in Air Magic
  1877 | D:2      | Reached skill level 1 in Earth Magic
  1877 | D:2      | Reached skill level 1 in Poison Magic
  2264 | D:2      | Reached XP level 5. HP: 37/37 MP: 11/14
  2896 | D:3      | Slain by an orc wizard

Illustrated notes

Levels and vault maps discovered:
D:1:      dpeg_arrival_water_fire, layout_basic, serial_shops,
          nicolae_shop_statue_plus
D:2:      layout_basic, minmay_tiny_reverse_x
D:3:      layout_rooms, shapermc_ecumenical_altar_ellora

Skill      XL: |  1  2  3  4 |
---------------+-------------+-----
Conjurations   | 2 |  2.4
Summonings     | 2 |  2.4
Translocations | 2 |  2.4
Invocations    | 1 |  1.6
Fighting       | 1 |  1.4
Short Blades   | 1 |  1.4
Long Blades    | 1 |  1.4
Axes           | 1 |  1.4
Maces & Flails | 1 |  1.4
Polearms       | 1 |  1.4
Staves         | 1 |  1.4
Ranged Weapons | 1 |  1.4
Throwing       | 1 |  1.4
Armour         | 1 |  1.4
Shields        | 1 |  1.4
Unarmed Combat | 1 |  1.4
Evocations     | 1 |  1.4
Hexes          | 1 |  1.1
Necromancy     | 1 |  1.1
Transmutations | 1 |  1.1
Fire Magic     | 1 |  1.1
Ice Magic      | 1 |  1.1
Air Magic      | 1 |  1.1
Earth Magic    | 1 |  1.1
Poison Magic   | 1 |  1.1
Dodging        | |  4.8
Stealth        | |  4.4
Spellcasting   | |  7.3

Action                     |  1- 3 |  4- 6 || total
---------------------------+-------+-------++-------
  Melee: Dagger            |    28 |    25 ||    53
         Bite              |     2 |     1 ||     3
   Cast: Magic Dart        |    77 |    81 ||   158
         Call Imp          |       |     3 ||     3
    Use: Scroll            |       |     6 ||     6
         Potion            |       |     3 ||     3
 Armour: Robe              |     6 |     9 ||    15
  Dodge: Dodged            |    55 |    40 ||    95
